Map: Bridgehead LE (Void)

Players

wabbajack - Winner!

  • Race: Zerg Zerg
  • League: Gold

Luetzen

  • Race: Terran Terran
  • League: Bronze

VOD

Have the link to the VOD?

Description

Time

  • Played on: July 21, 2015, 1:05 p.m.
  • Length: 6:29
Show
View Real Time Build Order
Export as new Build Order

wabbajack Zerg - Winner!

Build Orders: Hatch First 

Get SALT Encoding   

  12  0:01  Drone  
  13  0:13  Overlord  
  13  0:19  Drone  
  14  0:22  Extractor  
  14  0:23  Drone  
  15  0:34  Drone  
  16  0:36  Drone  
  17  0:55  Hatchery  
  16  0:58  Drone, Extractor  
  16  1:01  Drone  
  17  1:15  Spawning Pool  
  17  1:18  Drone  
  17  1:23  Drone  
  18  1:30  Drone  
  19  1:40  Drone  
  20  1:52  Overlord  
  20  2:02  Queen  
  20  2:04  Roach Warren  
  20  2:07  Queen  
  23  2:12  Drone  
  23  2:14  Drone  
  25  2:17  Drone  
  25  2:20  Drone  
  27  2:24  Drone  
  28  2:30  Metabolic Boost  
  28  2:36  Overlord  
  28  2:44  Overlord  
  28  2:56  Roach x3  
  28  2:58  Roach  
  36  3:05  Overlord  
  36  3:14  Roach  
  36  3:15  Roach x2  
  36  3:17  Roach  
  44  3:27  Zergling x4  
  44  3:28  Zergling x2  
  44  3:29  Zergling x2  
  48  3:45  Zergling x4  
  48  3:46  Zergling x10  
  55  4:04  Overlord  
  55  4:08  Pneumatized Carapace  
  55  4:15  Zergling x2  
  55  4:16  Zergling x8  
  56  4:47  Zergling x8  
  56  4:48  Zergling x20  
  42  5:58  Spore Crawler  
  42  5:59  Spine Crawler  
  42  6:01  Zergling x12  
Show
View Real Time Build Order
Export as new Build Order

Luetzen Terran 

Build Orders: Siege Tank Drop 

Get SALT Encoding   

  12  0:01  SCV  
  13  0:13  SCV  
  14  0:19  Supply Depot  
  14  0:25  SCV  
  15  0:44  Barracks  
  15  0:47  SCV  
  16  0:54  Refinery  
  16  0:59  SCV  
  17  1:08  Refinery  
  17  1:11  SCV  
  18  1:23  SCV  
  19  1:32  Supply Depot  
  19  1:38  Orbital Command  
  19  1:40  Marine  
  20  2:01  Factory, Marine  
  20  2:05  SCV  
  22  2:18  SCV  
  22  2:21  Marine  
  24  2:30  SCV  
  25  2:40  Supply Depot  
  25  2:42  SCV, Marine  
  27  2:47  Command Center  
  27  2:49  Factory Tech Lab  
  27  2:54  Starport  
  27  3:00  SCV  
  28  3:12  SCV  
  29  3:14  Siege Tank  
  32  3:24  SCV  
  33  3:28  Marine  
  33  3:31  Supply Depot  
  34  3:34  Medivac  
  34  3:36  SCV  
  34  3:40  Supply Depot  
  37  3:46  Marine  
  37  3:48  SCV  
  39  3:52  Siege Tank  
  42  4:00  SCV  
  43  4:03  Supply Depot  
  43  4:04  Marine  
  44  4:12  Orbital Command  
  44  4:21  Marine  
  44  4:23  SCV  
  46  4:38  Siege Tank  
  49  4:39  Marine  
  50  4:57  Marine  
  34  5:11  Supply Depot  
  34  5:15  Marine  
  34  5:16  SCV x2  
  29  5:28  SCV  
  29  5:33  Marine  
  18  5:43  SCV  
  18  5:51  Marine  
  19  6:07  SCV x2  
  19  6:08  Marine  
Tags
 
Add a new tag
Caveats
  • Supply blocks, unpowered buildings, or Contaminate may cause inaccurate times.
  • Supply counts are checked every 10 seconds.